 Dungeon Crawl Stone Soup version 0.28-a0-973-ga7f8b01127 (webtiles) character file.

Game seed: 5454822522533707858

2092 Redcow54321 the Grappler (level 9, -9/81 HPs)
             Began as a Troll Fighter on Dec 2, 2021.
             Mangled by a gnoll (11 damage)
             ... on level 7 of the Dungeon.
             The game lasted 00:10:51 (4318 turns).

Redcow54321 the Grappler (Troll Fighter)            Turns: 4318, Time: 00:10:51

Health: -9/81      AC:  4    Str: 30    XL:     9   Next: 6%
Magic:  8/8        EV: 10    Int:  4    God:
Gold:   280        SH:  0    Dex:  9    Spells: 8/8 levels left

rFire   . . .      SeeInvis .     - Unarmed
rCold   . . .      Faith    .   (no shield)
rNeg    . . .      Spirit   .   a - +0 robe
rPois   .          Reflect  .   (helmet restricted)
rElec   .          Harm     .   (no cloak)
rCorr   .          Rampage  .   (gloves unavailable)
Will    .....                   (boots unavailable)
Stlth   +.........              (no amulet)
HPRegen 1.03/turn               (no ring)
MPRegen 0.11/turn               (no ring)

@: no status effects
A: large, unfitting armour, claws 3, regeneration 1, shaggy fur 1, tough skin 1
a: no special abilities


You were on level 7 of the Dungeon.
You visited 1 branch of the dungeon, and saw 7 of its levels.

You collected 310 gold pieces.
You spent 30 gold pieces at shops.

Inventory:

Missiles
 l - 2 throwing nets (quivered)
Armour
 a - a +0 robe (worn)
 b - a +0 kite shield
 p - a +0 leather armour
Jewellery
 f - a ring of poison resistance
 g - a ring of wizardry
 r - a ring of fire
Wands
 c - a wand of flame (12)
 w - a wand of polymorph (20)
Scrolls
 d - a scroll of enchant armour {unknown}
 e - a scroll of fog {unknown}
 h - 3 scrolls of torment
 k - a scroll of amnesia {unknown}
 m - a scroll of noise {unknown}
 n - 4 scrolls of teleportation {unknown}
 o - 3 scrolls of blinking
 s - a scroll of fear {unknown}
 t - 2 scrolls of magic mapping {unknown}
 y - a scroll of immolation {unknown}
 z - a scroll of acquirement {unknown}
Potions
 i - 3 potions of invisibility
 j - a potion of lignification
 q - a potion of flight
 u - a potion of mutation {unknown}
 v - 2 potions of degeneration {unknown}
 x - a potion of might
 A - 2 potions of brilliance {unknown}


   Skills:
 + Level 3.1 Fighting
 * Level 4.2 Dodging
 - Level 2.4 Shields
 - Level 11.1 Unarmed Combat


You had 8 spell levels left.
You didn't know any spells.
Your spell library contained the following spells:

 Spells                   Type           Power      Damage    Failure   Level
 Sublimation of Blood     Necr           0%         N/A       65%         2
 Wereblood                Tmut           0%         N/A       65%         2
 Ignite Poison            Fire/Tmut/Pois 0%         N/A       86%         3
 Mephitic Cloud           Conj/Pois/Air  0%         N/A       86%         3
 Airstrike                Air            0%         N/A       99%         4
 Summon Lightning Spire   Summ/Air       0%         N/A       99%         4
 Freezing Cloud           Conj/Ice/Air   0%         6-21      100%        5
 Lightning Bolt           Conj/Air       0%         1d11      100%        5
 Summon Hydra             Summ           0%         N/A       100%        7


Dungeon Overview and Level Annotations

Branches:
Dungeon (7/15)
 Temple: D:4-7

Altars:
Ashenzari
Kikubaaqudgha
Okawaru
Ru
Vehumet

Shops:
D:2 [   D:5 ?


Innate Abilities, Weirdness & Mutations

You are too large for most types of armour.
You have claws for hands.
Your natural rate of healing is unusually fast.
You are covered in fur. (AC +1)
You have tough skin. (AC +1)


Message History

The gnoll shouts!
You mangle the gnoll!!
You kill the gnoll!
The gnoll sergeant closely misses you.
You see here a +0 whip.
The gnoll sergeant hits you with a +0 spear!
You mangle the gnoll sergeant!!
The gnoll sergeant is severely wounded.
The gnoll sergeant hits you with a +0 spear.
You barely miss the gnoll sergeant.
The gnoll sergeant is severely wounded.
The gnoll sergeant hits you with a +0 spear!
You scratch the gnoll sergeant.
The gnoll sergeant is almost dead.
The gnoll sergeant hits you with a +0 spear!
You scratch the gnoll sergeant.
You kill the gnoll sergeant!
The gnoll hits you from afar with a +0 halberd!
The gnoll hits you with a +0 whip.
Things that are here:
a +0 spear; a +0 scale mail; a gnoll corpse You scratch the gnoll.
The gnoll is lightly wounded.
The gnoll hits you from afar with a +0 halberd!
The gnoll hits you with a +0 whip.
You claw the gnoll!
The gnoll is almost dead.
The gnoll hits you from afar with a +0 halberd!
* * * LOW HITPOINT WARNING * * *
The gnoll barely misses you.
You scratch the gnoll.
You kill the gnoll!
The gnoll hits you from afar with a +0 halberd!
* * * LOW HITPOINT WARNING * * *
The gnoll hits you with a +0 halberd!
* * * LOW HITPOINT WARNING * * *
Things that are here:
a +0 whip; a gnoll corpse You closely miss the gnoll.
The gnoll hits you with a +0 halberd!
You die...

.# .# .## ..# #.#
..# #.# #.#####..#
##.### #.....g..#
#.... #@#.#
###...### #)#.#
#.......# ##.#.#
........#
#####..).#
#.......#
......#..#
###...#.#
#####...##
......#.########.##
.###.##..........#
#..(.#############


You could see a gnoll.

Vanquished Creatures
  Menkaure (D:6)
  2 water moccasins
  A sky beast (D:6)
  2 black bears
  2 necrophages (D:6)
  2 ogres
  3 centaurs
  A kobold brigand (D:6)
  Blork the orc (D:4)
  A gnoll sergeant (D:7)
  3 scorpions
  A water moccasin skeleton (D:6)
  A centaur zombie (D:6)
  A bullfrog zombie (D:5)
  3 bullfrog skeletons (D:6)
  A gnoll shaman (D:5)
  2 hounds
  2 orc wizards (D:6)
  A killer bee zombie (D:6)
  A hound zombie (D:5)
  6 gnolls
  4 adders
  A white imp (D:6)
  An adder skeleton (D:4)
  A worm (D:5)
  3 dart slugs
  12 orcs
  4 bats
  4 endoplasms (D:2)
  A giant cockroach (D:1)
  4 goblins
  8 hobgoblins
  7 jackals
  2 quokkas
  7 ball pythons
  2 frilled lizards (D:1)
  8 kobolds
  7 rats
114 creatures vanquished.

Notes
Turn   | Place    | Note
-------+----------+-------------------------------------------
     0 | D:1      | Redcow54321 the Troll Fighter began the quest for the Orb.
     0 | D:1      | Reached XP level 1. HP: 22/22 MP: 0/0
   161 | D:1      | Reached XP level 2. HP: 28/29 MP: 1/1
   272 | D:1      | Reached skill level 3 in Unarmed Combat
   820 | D:2      | Reached XP level 3. HP: 36/36 MP: 2/2
   831 | D:2      | Found a faded altar of an unknown god.
   879 | D:2      | You fall into a shaft and drop 2 floors!
   901 | D:4      | Noticed a scorpion
   918 | D:4      | Found an ancient bone altar of Kikubaaqudgha.
   924 | D:4      | Killed a scorpion
   925 | D:4      | Reached skill level 4 in Unarmed Combat
   925 | D:4      | Reached XP level 4. HP: 44/44 MP: 3/3
   961 | D:4      | Noticed Blork the orc
   971 | D:4      | Killed Blork the orc
   972 | D:4      | Reached skill level 5 in Unarmed Combat
   972 | D:4      | Reached XP level 5. HP: 24/50 MP: 4/4
  1114 | D:4      | Found a sacrificial altar of Ru.
  1316 | D:4      | Noticed an ogre
  1327 | D:4      | Killed an ogre
  1328 | D:4      | Reached skill level 6 in Unarmed Combat
  1328 | D:4      | Reached XP level 6. HP: 47/59 MP: 5/5
  1475 | D:3      | Found an iron altar of Okawaru.
  1608 | D:3      | Found a radiant altar of Vehumet.
  2066 | D:2      | Found Qeythraemn's Armour Boutique.
  2584 | D:5      | Entered Level 5 of the Dungeon
  2640 | D:5      | Reached skill level 7 in Unarmed Combat
  2671 | D:5      | Found Giwef's Magic Scroll Emporium.
  2680 | D:5      | Bought a scroll of identify for 30 gold pieces
  2798 | D:5      | Reached XP level 7. HP: 61/66 MP: 6/6
  2877 | D:5      | Reached skill level 8 in Unarmed Combat
  3474 | D:6      | Reached skill level 9 in Unarmed Combat
  3500 | D:6      | Reached XP level 8. HP: 54/74 MP: 7/7
  3637 | D:6      | Reached skill level 10 in Unarmed Combat
  3863 | D:6      | Reached skill level 11 in Unarmed Combat
  3999 | D:6      | Noticed Menkaure
  4005 | D:6      | Killed Menkaure
  4259 | D:6      | Found a broken altar of Ashenzari.
  4262 | D:6      | Reached XP level 9. HP: 81/81 MP: 8/8
  4317 | D:7      | HP: 1/81 [gnoll (10)]
  4318 | D:7      | Mangled by a gnoll

Illustrated notes

Levels and vault maps discovered:
D:1:      wheals_arrival_linesprint, layout_basic
D:2:      cheibrodos_helix_gallery, layout_basic, serial_shops,
          nicolae_shop_statue_plus, basic_ecumenical_altar,
          chequers_serial_rivers_marsh
D:3:      layout_basic, okawaru_ov_weapons_minmay, lemuel_crystal_altar,
          minmay_misc_feat_alley
D:4:      layout_rooms, mainiacjoe_overflow_catwalk, kiku_gazebo_garden_becter,
          uniq_blork_the_orc
D:5:      layout_basic, serial_shops, nicolae_shop_competitors_out_of_business
D:6:      layout_loops_ring, ashenzari_altar_1, uniq_menkaure
D:7:      layout_loops_ring, overflow_temple_1_default,
          minmay_temple_entry_statues_pillars, centaur_isle

Skill      XL: |  1  2  3  4  5  6  7  8 |
---------------+-------------------------+-----
Unarmed Combat | 3 4 5 6 7 9 11 | 11.1
Dodging        | 4 |  4.2
Fighting       | 3 |  3.1
Shields        | |  2.4

Action                   |  1- 3 |  4- 6 |  7- 9 || total
-------------------------+-------+-------+-------++-------
Melee: Unarmed           |    59 |   145 |   130 ||   334
       Punch             |       |     3 |     3 ||     6
  Use: Potion            |       |     1 |       ||     1
       Scroll            |       |     5 |     1 ||     6
Armor: Robe              |    13 |    42 |    30 ||    85
Dodge: Dodged            |    17 |    78 |    50 ||   145
Block: Kite shield       |     4 |       |       ||     4

Table legend: (Time is in decaauts)
 A = Elapsed time spent in this place.
 B = Non-inter-level travel time spent in this place.
 C = Inter-level travel time spent in this place.
 D = Time resting spent in this place.
 E = Time spent auto-exploring this place.
 F = Levels seen in this place.
 G = Mean time per level.
                   A        B        C        D        E       F      G
               +--------+--------+--------+--------+--------+-----+--------+
         Total |   4286 |   4092 |    194 |    150 |   3197 |   7 |  612.3 |
       Dungeon |   4286 |   4092 |    194 |    150 |   3197 |   7 |  612.3 |
               +--------+--------+--------+--------+--------+-----+--------+

Top non-repeatable levels by time:
     D:5: 928 daAuts
     D:1: 801 daAuts
     D:6: 745 daAuts
     D:3: 602 daAuts
     D:2: 589 daAuts
     D:4: 583 daAuts
     D:7: 35 daAuts
